 Dungeon Crawl Stone Soup version 0.31-a0-79-g9ec6622867 (webtiles) character file.

Game seed: 7467726989844865395

25764 Impy the Nimble (level 13, -2/103 HPs)
             Began as a Djinni Conjurer on May 24, 2023.
             Was an Initiate of Gozag.
             Slain by a wolf simulacrum (5 damage)
             ... on level 1 of the Lair of Beasts.
             The game lasted 00:42:01 (12947 turns).

Impy the Nimble (Djinni Conjurer)                  Turns: 12947, Time: 00:42:02

Health: -2/103     AC:  7    Str:  6    XL:     13   Next: 53%
Gold:   1510       EV: 16    Int: 29    God:    Gozag SH:  0 Dex: 14

rFire   + + .        t - +2 short sword (elec)
rCold   . . .        (no shield)
rNeg    . . .        a - +1 robe
rPois   ∞            l - +0 helmet
rElec   .            p - +1 cloak
rCorr   .            f - +0 pair of gloves
SInv    .            (boots unavailable)
Will    +....        (no amulet)
Stlth   ++           h - +6 ring of intelligence
HPRegen 0.37/turn    w - ring of protection from cold
MPRegen 0.00/turn

%: infuse magic (-3 HP)
@: gold aura, flying, constricted
A: sickness immunity, fire resistance 2, cold vulnerability 1, float, innate
caster, HP casting, extra vitality 1
a: Renounce Religion, Potion Petition, Call Merchant, Bribe Branch


You were on level 1 of the Lair of Beasts.
You worshipped Gozag.
Gozag was most pleased with you.
You visited 2 branches of the dungeon, and saw 13 of its levels.
You also visited: Bailey.

You collected 2368 gold pieces.
You spent 800 gold pieces at shops.
You paid 58 gold pieces to Gozag.

Inventory:

Hand Weapons
 t - a +2 short sword of electrocution (weapon)
Armour
 a - a +1 robe (worn)
 f - a +0 pair of gloves (worn)
 l - a +0 helmet (worn)
 p - a +1 cloak (worn)
Jewellery
 d - a +6 ring of strength
 g - a ring of fire
 h - a +6 ring of intelligence (left hand)
 i - a ring of willpower
 o - a ring of see invisible
 w - a ring of protection from cold (right hand)
 C - a ring of protection from cold
 F - a +4 ring of protection
 H - a ring of protection from cold
Wands
 r - a wand of roots (13)
 v - a wand of mindburst (10)
 y - a wand of flame (14)
 G - a wand of polymorph (3)
Scrolls
 e - 3 scrolls of vulnerability
 j - 5 scrolls of teleportation
 k - a scroll of enchant weapon
 q - a scroll of blinking
 s - 3 scrolls of enchant armour
 B - a scroll of brand weapon
 D - a scroll of poison
 E - 2 scrolls of fog
 J - 4 scrolls of identify
Potions
 b - 6 potions of curing
 c - 4 potions of heal wounds
 m - a potion of berserk rage
 n - 4 potions of might
 u - a potion of cancellation {unknown}
 x - 3 potions of lignification
 z - 3 potions of invisibility {unknown}
 A - 2 potions of attraction {unknown}
 I - a potion of haste {unknown}


   Skills:
 + Level 13.3 Fighting
 + Level 14.7 Dodging
 - Level 1.5 Stealth
 + Level 9.5 Spellcasting
 + Level 9.5 Conjurations
 + Level 9.5 Hexes
   Level 0.0 Charms
 + Level 9.5 Summonings
 + Level 9.5 Necromancy
 + Level 9.5 Translocations
 + Level 9.5 Transmutations
 + Level 9.5 Fire Magic
 + Level 9.5 Ice Magic
 + Level 9.5 Air Magic
 + Level 9.5 Earth Magic
 + Level 9.5 Poison Magic


You knew the following spells:

 Your Spells              Type           Power      Damage    Failure   Level
a - Magic Dart            Conj           100%       1d8       1%          1
b - Searing Ray           Conj           100%       2d8       1%          2
c - Dazzling Flash        Conj/Hex       100%       N/A       1%          3
d - Fulminant Prism       Conj/Hex       29%        3d14      1%          4
e - Iskenderun's Mystic   Conj/Tloc      58%        2d12      1%          4
f - Necrotise             Necr           100%       1d9       1%          1
g - Momentum Strike       Conj/Tloc      100%       3d10      1%          2
h - Teleport Other        Tloc           62%        N/A       1%          3
i - Vampiric Draining     Necr           62%        2d10      1%          3
j - Animate Armour        Summ/Erth      100%       N/A       1%          4
k - Summon Mana Viper     Hex/Summ       58%        N/A       3%          5
Your spell library was empty.

Dungeon Overview and Level Annotations

Branches:
Dungeon (12/15)            Temple (0/1) D:5            Lair (1/5) D:9
    Orc (0/2) D:10         Bailey (visited)

Altars:
Cheibriados
Elyvilon
Fedhas
Gozag
Makhleb
Nemelex Xobeh
Ru
Trog
Uskayaw
The Shining One

Shops:
D:2 !   D:8 *   D:10 **

Annotations:
D:4 3 runed translucent doors, Beaer's ghost, amateur FoAE; Zigma's ghost, amateur DrMo; hattey's ghost, amateur HuWn


Innate Abilities, Weirdness & Mutations

You are immune to sickness and miasma.
You are immune to poison.
Your flesh is very heat resistant. (rF++)
You are vulnerable to cold. (rC-)
You float through the air rather than walking.
You learn spells naturally, not from books.
Your magical power is your life essence.
You have superior vitality. (+4 MHP)


Message History

The anaconda simulacrum is knocked back by the mystic blast.
You hear a deafening roar!
You hear an angry growl.
A wolf comes into view.
Casting: Iskenderun's Mystic Blast (mildly dangerous; 1% risk of failure)
Confirm with . or Enter, or press ? or * to list all spells.
You erupt in a blast of force!
The mystic blast hits the cane toad simulacrum!
The cane toad simulacrum is moderately damaged.
The cane toad simulacrum is knocked back by the mystic blast.
The wolf is distracted by your dazzling golden aura.
An ice dragon comes into view.
Casting: Iskenderun's Mystic Blast (mildly dangerous; 1% risk of failure)
Confirm with . or Enter, or press ? or * to list all spells.
A mana viper appears with a sibilant hiss.
The wolf howls!
The anaconda simulacrum misses you. The anaconda simulacrum bites you.
The anaconda simulacrum freezes you!!
* * * LOW HITPOINT WARNING * * *
A cane toad simulacrum comes into view.
The wolf simulacrum closely misses you. The anaconda simulacrum grabs you.
The anaconda simulacrum bites you!
* * * LOW HITPOINT WARNING * * *
The anaconda simulacrum freezes you!
* * * LOW HITPOINT WARNING * * *
The anaconda simulacrum constricts you.
* * * LOW HITPOINT WARNING * * *
The ice dragon is distracted by your dazzling golden aura.
Blink to where?
Press: ? - help, Dir - move target The anaconda simulacrum's grasp on you weakens, but your attempt to escape fails.
As you read the scroll of blinking, it crumbles to dust.
Your mana viper closely misses the anaconda simulacrum.
The anaconda simulacrum barely misses you.
The anaconda simulacrum constricts you.
* * * LOW HITPOINT WARNING * * *
The wolf simulacrum bites you.
* * * LOW HITPOINT WARNING * * *
The wolf simulacrum freezes you.
You die...
Your body crumbles into a pile of gold.

##.......##
#........###
##.........##
#...........#
#..........##
##.........#
#......###.#
#.......##.#
#.@S...###.#
~~#.#ZZ...$...#
~~D...........###
~~~.Z..$..........
$
.~~~............P..
.~~~...............
.~~Z...............
~~h...............
$≈~~...............


You could see an ice dragon (unaware), a wolf, an anaconda simulacrum (ally
target), a wolf simulacrum, 2 cane toad simulacra and a friendly mana viper
(summoned).

Vanquished Creatures
  An orc warlord (Bailey)
  2 two-headed ogres
  Amaemon (D:8)
  A cyclops (D:8)
  An orange demon (D:8)
  2 cane toads (Lair:1)
  A komodo dragon (D:9)
  An unseen horror (D:11)
  A rime drake (Lair:1)
  Psyche (D:8)
  4 trolls
  4 blink frogs (Lair:1)
  17 yaks
  2 vampires
  2 wyverns
  2 wraiths
  Menkaure (D:6)
  2 acid dragons (D:11)
  6 water moccasins
  Duvessa (D:5)
  6 orc warriors
  2 sky beasts
  3 ogres (D:6)
  2 centaurs
  A kobold brigand (D:7)
  A nameless horror (D:8)
  7 bullfrogs
  3 gnoll sergeants
  17 wights
  Dowan (D:5)
  5 killer bees
  A gnoll bouda (D:6)
  A hound (D:5)
  An iron imp (D:10)
  2 jellies
  4 orc priests
  Jessica (D:3)
  3 iguanas
  6 orc wizards
  A sleepcap (D:5)
  22 gnolls
  7 adders
  A shadow imp (D:6)
  3 white imps
  2 ufetubi
  A worm (D:3)
  30 orcs
  7 ball pythons
  9 endoplasms
  2 giant cockroaches
  14 goblins
  9 hobgoblins
  3 quokkas
  2 bats
  3 frilled lizards
  23 kobolds
  2 rats (D:2)
261 creatures vanquished.

Vanquished Creatures (collateral kills)
  A troll (D:10)
  A ynoxinul (D:10)
  3 killer bees (D:10)
5 creatures vanquished.

Vanquished Creatures (others)
  A troll (D:9)
  26 fulminant prisms
27 creatures vanquished.

Grand Total: 293 creatures vanquished

Notes
Turn   | Place    | Note
-------+----------+-------------------------------------------
     0 | D:1      | Impy the Djinni Conjurer began the quest for the Orb.
     0 | D:1      | Impy set off with the following spells memorised: Magic
                  | Dart, Searing Ray, Dazzling Flash, Fulminant Prism,
                  | Iskenderun's Mystic Blast.
     0 | D:1      | Reached XP level 1. HP: 15/15 MP: 0/0
   111 | D:1      | Reached XP level 2. HP: 20/21 MP: 0/0
   335 | D:1      | Found a faded altar of an unknown god.
   335 | D:1      | Noticed a sixfirhy
   354 | D:1      | Reached XP level 3. HP: 24/26 MP: 0/0
   354 | D:1      | Learned a level 1 spell: Necrotise
   502 | D:2      | Found Tyitoc's Distillery.
   580 | D:2      | Reached skill level 1 in Fighting
   580 | D:2      | Reached skill level 3 in Dodging
  1358 | D:3      | Noticed Jessica
  1360 | D:3      | Reached XP level 4. HP: 28/32 MP: 0/0
  1370 | D:3      | Killed Jessica
  1371 | D:3      | Reached XP level 5. HP: 20/38 MP: 0/0
  1371 | D:3      | Learned a level 2 spell: Momentum Strike
  1571 | D:3      | Found a white marble altar of Elyvilon.
  1700 | D:3      | Reached skill level 4 in Dodging
  2203 | D:4      | Reached XP level 6. HP: 34/45 MP: 0/0
  2412 | D:4      | Found an opulent altar of Gozag.
  2418 | D:4      | Became a worshipper of Gozag Ym Sagoz the Greedy
  2484 | D:4      | Found a hide-covered altar of Uskayaw.
  2700 | D:4      | Found a burning altar of Makhleb.
  2791 | D:4      | Found a runed translucent gate.
  2791 | D:4      | Found a runed translucent gate.
  2791 | D:4      | Found a runed translucent gate.
  2976 | D:4      | Noticed Zigma's ghost (amateur DrMo)
  2976 | D:4      | Noticed hattey's ghost (amateur HuWn)
  2977 | D:4      | Noticed Beaer's ghost (amateur FoAE)
  2994 | D:5      | Entered Level 5 of the Dungeon
  3012 | D:5      | Reached skill level 5 in Dodging
  3012 | D:5      | Reached XP level 7. HP: 37/50 MP: 0/0
  3012 | D:5      | Learned a level 3 spell: Teleport Other
  3018 | D:5      | Noticed Duvessa
  3066 | D:5      | Killed Duvessa
  3218 | D:5      | Noticed Dowan
  3227 | D:5      | Killed Dowan
  3262 | D:5      | Noticed a water moccasin
  3270 | D:5      | Killed a water moccasin
  3459 | D:5      | Found a staircase to the Ecumenical Temple.
  3541 | D:5      | Reached XP level 8. HP: 40/58 MP: 0/0
  3645 | D:5      | Found a glowing golden altar of the Shining One.
  3761 | D:5      | Reached skill level 6 in Dodging
  3946 | D:5      | Found a sacrificial altar of Ru.
  4032 | D:6      | Reached skill level 5 in Fighting
  4394 | D:6      | Reached skill level 5 in Spellcasting
  4394 | D:6      | Reached skill level 5 in Conjurations
  4394 | D:6      | Reached skill level 5 in Hexes
  4394 | D:6      | Reached skill level 5 in Summonings
  4394 | D:6      | Reached skill level 5 in Necromancy
  4394 | D:6      | Reached skill level 5 in Translocations
  4394 | D:6      | Reached skill level 5 in Transmutations
  4394 | D:6      | Reached skill level 5 in Fire Magic
  4394 | D:6      | Reached skill level 5 in Ice Magic
  4394 | D:6      | Reached skill level 5 in Air Magic
  4394 | D:6      | Reached skill level 5 in Earth Magic
  4394 | D:6      | Reached skill level 5 in Poison Magic
  4878 | D:6      | Noticed Menkaure
  4885 | D:6      | Killed Menkaure
  4886 | D:6      | Reached skill level 7 in Dodging
  5181 | D:6      | Reached XP level 9. HP: 60/66 MP: 0/0
  5181 | D:6      | Learned a level 3 spell: Vampiric Draining
  5741 | D:7      | Reached skill level 8 in Dodging
  6465 | D:8      | Found Easakhla's Eclectic Emporium.
  6616 | D:8      | Noticed Psyche
  6623 | D:8      | Killed Psyche
  6727 | D:8      | Reached XP level 10. HP: 72/76 MP: 0/0
  6731 | D:8      | Reached skill level 9 in Dodging
  6982 | D:8      | Bought a potion of experience for 800 gold pieces
  6982 | D:8      | Reached skill level 10 in Fighting
  6982 | D:8      | Reached skill level 11 in Dodging
  6982 | D:8      | Reached XP level 11. HP: 86/86 MP: 0/0
  6982 | D:8      | Learned a level 4 spell: Animate Armour
  7197 | D:8      | Noticed Amaemon
  7211 | D:8      | Killed Amaemon
  7282 | D:8      | Noticed a cyclops
  7299 | D:8      | HP: 4/86 [cyclops/large rock (36)]
  7597 | D:8      | Killed a cyclops
  7885 | D:9      | Reached skill level 12 in Dodging
  8074 | D:9      | Found a flagged portal.
  8104 | Bailey   | Entered a bailey
  8237 | Bailey   | Noticed an orc warlord
  8671 | Bailey   | Found a runed translucent gate.
  8671 | Bailey   | Found a runed translucent gate.
  8671 | Bailey   | Found a runed translucent gate.
  8855 | Bailey   | Killed an orc warlord
  9051 | Bailey   | Reached skill level 13 in Dodging
  9051 | Bailey   | Reached XP level 12. HP: 95/95 MP: 0/0
  9294 | D:9      | Noticed a two-headed ogre
  9310 | D:9      | Killed a two-headed ogre
  9437 | D:9      | Found a staircase to the Lair.
 10102 | D:10     | Entered Level 10 of the Dungeon
 10130 | D:10     | Found Ruttuk's Specific Store.
 10132 | D:10     | Found Wusuewn's General Store.
 10220 | D:10     | Reached XP level 13. HP: 35/102 MP: 0/0
 10220 | D:10     | Learned a level 5 spell: Summon Mana Viper
 10529 | D:10     | Found a bloodstained altar of Trog.
 10757 | D:10     | Found a staircase to the Orcish Mines.
 11001 | D:10     | Found a sparkling altar of Nemelex Xobeh.
 11075 | D:10     | Found a blossoming altar of Fedhas.
 11131 | D:10     | Found a snail-covered altar of Cheibriados.
 11580 | D:11     | Reached skill level 14 in Dodging
 12441 | Lair:1   | Entered Level 1 of the Lair of Beasts
 12944 | Lair:1   | Noticed an ice dragon
 12947 | Lair:1   | HP: 5/103 [constriction (3)]
 12947 | Lair:1   | Slain by a wolf simulacrum

Illustrated notes

Levels and vault maps discovered:
D:1:      minmay_arrival_solitary_statue, layout_rooms,
          dreamdust_ecumenical_altar_sealed_demon
D:2:      layout_loops_ring, serial_shops, nicolae_shop_advertising_works
          [nicolae_subvault_shop_adworks]
D:3:      layout_loops_ring, amcnicky_altar_gilded, uniq_jessica
D:4:      layout_basic, nicolae_gozag_cash_rules_everything_around_me,
          nicolae_overflow_crystal_walls, mainiacjoe_overflow_catwalk,
          gammafunk_ghost_cemetery
D:5:      layout_rooms, mainiacjoe_overflow_24_doors, nicolae_ru_path_of_blood,
          minmay_temple_entry_large_hall, uniq_duvessa
D:6:      layout_loops_corners, nicolae_overflow_hidden_temple,
          minmay_misc_feat_iff, uniq_menkaure
D:7:      layout_basic, chequers_serial_rivers_marsh
D:8:      layout_gridville, lemuel_coloured_pillars_altar,
          nicolae_alphabet_shops, uniq_amaemon, uniq_psyche
D:9:      layout_loops_cross, david_lair_shrubbed, enter_bailey_5,
          minmay_misc_feat_rows, nicolae_elevator_lobby_plus
D:10:     layout_irregular_city, mainiacjoe_overflow_tiny_flanked,
          fedhas_altar_fruit_tree, nzn_overflow_gifts_of_might_and_magic,
          slow_altar_2, orc_0_dummy, nicolae_specific_store
D:11:     layout_roguey
D:12:     minmay_glassy_protrusions, layout_gridville, serial_shops,
          nicolae_book_shop_shelving, elves_outpost_lemuel
Lair:1:   dreamdust_isle_of_ice, layout_hall_layers

Skill      XL: |  1  2  3  4  5  6  7  8  9 10 11 12 13 |
---------------+----------------------------------------+-----
Fighting       | 1 2 3 4 6 7 10 12 13 | 13.3
Dodging        | 3 4 5 7 8 11 13 14 | 14.7
Spellcasting   | 4 5 6 7 8 9 |  9.5
Conjurations   | 4 5 6 7 8 9 |  9.5
Hexes          | 4 5 6 7 8 9 |  9.5
Summonings     | 4 5 6 7 8 9 |  9.5
Necromancy     | 4 5 6 7 8 9 |  9.5
Translocations | 4 5 6 7 8 9 |  9.5
Transmutations | 4 5 6 7 8 9 |  9.5
Fire Magic     | 4 5 6 7 8 9 |  9.5
Ice Magic      | 4 5 6 7 8 9 |  9.5
Air Magic      | 4 5 6 7 8 9 |  9.5
Earth Magic    | 4 5 6 7 8 9 |  9.5
Poison Magic   | 4 5 6 7 8 9 |  9.5
Stealth        | |  1.5

Action                     |  1- 3 |  4- 6 |  7- 9 | 10-12 | 13-15 || total
---------------------------+-------+-------+-------+-------+-------++-------
  Melee: Short sword       |       |       |     2 |     1 |     9 ||    12
   Cast: Magic Dart        |    69 |    76 |   132 |    52 |    12 ||   341
         Searing Ray       |     1 |     6 |    22 |     8 |     1 ||    38
         Necrotise         |       |     3 |       |       |       ||     3
         Momentum Strike   |       |     2 |     1 |       |       ||     3
         Dazzling Flash    |       |     1 |       |       |       ||     1
         Teleport Other    |       |       |     4 |       |       ||     4
         Fulminant Prism   |       |       |     7 |    19 |       ||    26
         Vampiric Draining |       |       |    11 |     2 |       ||    13
         Iskenderun's Myst |       |       |     1 |    77 |    83 ||   161
         Animate Armour    |       |       |       |     7 |       ||     7
         Summon Mana Viper |       |       |       |       |     6 ||     6
    Use: Scroll            |     8 |     2 |     7 |     3 |     3 ||    23
         Potion            |       |       |     1 |     3 |       ||     4
 Armour: Robe              |     3 |     6 |    12 |     5 |     8 ||    34
  Dodge: Dodged            |     6 |     5 |    47 |    43 |    47 ||   148

Table legend: (Time is in decaauts)
 A = Elapsed time spent in this place.
 B = Non-inter-level travel time spent in this place.
 C = Inter-level travel time spent in this place.
 D = Time resting spent in this place.
 E = Time spent auto-exploring this place.
 F = Levels seen in this place.
 G = Mean time per level.
                   A        B        C        D        E       F      G
               +--------+--------+--------+--------+--------+-----+--------+
         Total |  12937 |  12463 |    474 |      0 |  10864 |  14 |  924.1 |
       Dungeon |  11457 |  10984 |    473 |      0 |   9655 |  12 |  954.8 |
          Lair |    504 |    504 |      0 |      0 |    423 |   1 |  504.0 |
        Bailey |    975 |    975 |      0 |      0 |    786 |   1 |  975.0 |
               +--------+--------+--------+--------+--------+-----+--------+

Top non-repeatable levels by time:
     D:8: 1406 daAuts
     D:9: 1288 daAuts
     D:7: 1233 daAuts
     D:6: 1192 daAuts
    D:10: 1122 daAuts
    D:11: 1051 daAuts
     D:5: 1027 daAuts
  Bailey: 975 daAuts
     D:3: 858 daAuts
     D:4: 851 daAuts
     D:2: 801 daAuts
  Lair:1: 504 daAuts
     D:1: 479 daAuts
    D:12: 142 daAuts
